 Dungeon Crawl Stone Soup version 0.17-a0-1301-ga863c44 (webtiles) character file.

10712 inmateoo the Frost Mage (level 11, -10/85 HPs)
             Began as a Purple Draconian Ice Elementalist on June 7, 2015.
             Was an Elder of Vehumet.
             Mangled by Snorg (17 damage)
             ... on level 10 of the Dungeon.
             The game lasted 00:34:41 (16021 turns).

inmateoo the Frost Mage (DrIE)                     Turns: 16021, Time: 00:34:41

Health: -10/85     AC:  9    Str: 17    XL:     11   Next: 39%
Magic:  23/23      EV: 13    Int: 20    God:    Vehumet [****..]
Gold:   514        SH:  0    Dex: 11    Spells: 6 memorised, 8 levels left

rFire  . . .     SeeInvis +     K - +9 whip "Moluthiqi" {slash, Str+2 SInv}
rCold  . . .     Clarity  .     (armour unavailable)
rNeg   + . .     SustAt   +     (no shield)
rPois  .         Gourm    .     (helmet restricted)
rElec  .         Spirit   .     y - +0 cloak
rCorr  .         Warding  +     k - +0 pair of gloves
rMut   .         Stasis   .     (no boots)
MR     +....                    r - amulet of warding
Stlth  ++........               (no ring)
                                f - ring of sustain attributes

@: mighty, somewhat resistant to hostile enchantments, unstealthy
A: breathe power, unfitting armour, cold-blooded, AC +7
a: Breathe Dispelling Energy, Renounce Religion


You were on level 10 of the Dungeon.
You worshipped Vehumet.
Vehumet was greatly pleased with you.
You were hungry.

You visited 2 branches of the dungeon, and saw 12 of its levels.
You also visited: Sewer.

You collected 514 gold pieces.

Inventory:

Hand weapons
 l - a +5 flail of holy wrath
 u - a +0 blowgun
 K - the +9 whip "Moluthiqi" (weapon) {slash, Str+2 SInv}
   (You took it off an orc on level 9 of the Dungeon)

   It inflicts extra damage upon your enemies.
   It affects your strength (+2).
   It lets you see invisible.
Missiles
 v - 81 poisoned needles
 L - 4 curare-tipped needles
Armour
 k - a +0 pair of gloves (worn)
 y - a +0 cloak (worn)
Jewellery
 f - a ring of sustain attributes (left hand)
 r - an amulet of warding (around neck)
Magical devices
 e - a wand of confusion (6)
 m - a wand of frost (19)
 t - a wand of frost (36)
 w - a wand of fireball (9)
 F - a wand of digging (11)
 I - a wand of polymorph (10)
Scrolls
 g - 2 scrolls of remove curse
 C - a scroll of fear
 D - 4 scrolls of fog
 E - a scroll of blinking
Potions
 i - 2 potions of flight
 n - a potion of agility
 o - 5 potions of curing
 q - 5 potions of brilliance
 s - a potion of mutation {unknown}
 B - a potion of invisibility {unknown}
 G - 2 potions of lignification {unknown}
Books
 a - a book of Frost

   Spells                             Type                      Level
   a - Freeze                         Ice                          1
   b - Throw Frost                    Conjuration/Ice              2
   c - Ozocubu's Armour               Charms/Ice                   3
   d - Throw Icicle                   Conjuration/Ice              4
   e - Summon Ice Beast               Ice/Summoning                4
   f - Condensation Shield            Ice                          4
 A - a book of Callings

   Spells                             Type                      Level
   a - Summon Small Mammal            Summoning                    1
   b - Call Imp                       Summoning                    2
   c - Call Canine Familiar           Summoning                    3
   d - Summon Guardian Golem          Hexes/Summoning              3
   e - Summon Lightning Spire         Summoning/Air                4
   f - Summon Ice Beast               Ice/Summoning                4
 H - a book of Alchemy

   Spells                             Type                      Level
   a - Sublimation of Blood           Necromancy                   2
   b - Ignite Poison                  Fire/Transmutation/Poison    3
   c - Alistair's Intoxication        Transmutation/Poison         4
   d - Condensation Shield            Ice                          4
   e - Petrify                        Transmutation/Earth          4
   f - Irradiate                      Conjuration/Transmutation    5
Comestibles
 b - 13 bread rations
 c - 6 meat rations
 h - 2 royal jellies
 z - 8 slices of pizza


   Skills:
 - Level 4.4 Fighting
 + Level 4.3 Maces & Flails
 + Level 4.4 Dodging
 + Level 5.4 Stealth
 - Level 8.3 Spellcasting
 * Level 6.4 Conjurations
 * Level 12.3 Ice Magic


You had 8 spell levels left.
You knew the following spells:

 Your Spells              Type           Power        Failure   Level  Hunger
a - Freeze                Ice            ####         1%          1    None
b - Throw Frost           Conj/Ice       #####.       1%          2    None
c - Ozocubu's Armour      Chrm/Ice       ####....     1%          3    None
d - Condensation Shield   Ice            ######....   1%          4    ###....
e - Throw Icicle          Conj/Ice       #####...     1%          4    ###....
f - Summon Ice Beast      Ice/Summ       ####....     10%         4    ###....


Dungeon Overview and Level Annotations

Branches:
Dungeon (11/15)            Temple (1/1) D:7            Lair (0/8) D:8
    Orc (0/4) D:9

Altars:
Ashenzari
Cheibriados
Dithmenos
Elyvilon
Fedhas
Gozag
Kikubaaqudgha
Makhleb
Nemelex Xobeh
Okawaru
Qazlal
Ru
Sif Muna
Trog
Vehumet
Xom
Yredelemnul
Zin
The Shining One
Beogh

Annotations:
D:10 exclusions: centaur warrior and phantom, Snorg
D:11 Erolcha


Innate Abilities, Weirdness & Mutations

You can breathe bolts of dispelling energy.
Your rich purple scales are hard (AC +7).
Your body does not fit into most forms of armour.
You are cold-blooded and may be slowed by cold attacks.


Message History

The ice beast hits your ice beast. The ice beast freezes your ice beast.
Your ice beast completely resists.
Your ice beast completely misses the ice beast.
Snorg goes berserk!
Fannar blocks your attack.
Fannar is almost dead.
Snorg bites you. Snorg claws you. Snorg claws you.
* * * LOW HITPOINT WARNING * * *
The ice beast closely misses your ice beast.
Fannar misses you.
Your ice beast barely misses the ice beast.
You whack Fannar!
You kill Fannar!
Vehumet accepts your kill.
You feel yourself speed up.
The ice beast disappears in a puff of smoke!
Snorg closely misses you. Snorg barely misses you. Snorg claws you!!
* * * LOW HITPOINT WARNING * * *
Snorg bites you!
You die...

#.## #.###.# #..# #[# #.#
####.# #.# #.# #....# #.#
#.# #....# #.# #.# #...##
#.# #.# ##.## #.###.# #.#
######..##.#######
#.#######....T@).........#
#.#.......#####Y####.###.#
##.#.####### #§# #.# #.#
#....####### #.# #.# #.#
#...†......# #.# #.###.#
#....#####.# ##.## #.....#
####.# ##...###..#..# #.#
# ###...<.###....# #.#
#.##.....>)###.#.#


You could see Snorg (berserk) and a friendly ice beast.

Vanquished Creatures
  Fannar (D:10)
  Pikel (D:8)
  A hill giant (D:11)
  A komodo dragon (D:8)
  2 trolls
  A deep elf mage (D:10)
  A wyvern (D:10)
  4 yaks (D:7)
  A wraith (D:7)
  A hungry ghost (D:8)
  A hog (D:7)
  A human (D:7)
  Edmund (D:6)
  A warg (D:11)
  2 ice beasts
  3 black bears
  7 phantoms
  8 orc warriors
  3 ogres
  A necrophage (D:11)
  2 wasps
  2 sky beasts
  4 big kobolds
  12 centaurs
  3 giant frogs (D:6)
  6 scorpions
  10 killer bees
  5 wights (D:7)
  3 crimson imps
  5 hounds
  2 jellies
  A giant frog skeleton (D:4)
  7 orc wizards
  Jessica (D:2)
  5 orc priests
  Terence (D:2)
  8 worker ants
  Natasha (thrice) (D:2)
  3 iguanas
  3 sheep (D:7)
  A worker ant zombie (D:9)
  16 adders
  8 river rats
  5 shadow imps
  A worm (D:3)
  10 giant geckos
  56 orcs
  14 bats
  2 bat skeletons
  12 giant cockroaches
  18 hobgoblins
  7 jackals
  5 quokkas
  8 ball pythons
  A giant gecko skeleton (D:6)
  8 giant newts
  11 goblins
  A jackal zombie (D:7)
  44 kobolds
  39 rats
395 creatures vanquished.

Vanquished Creatures (collateral kills)
  A hill giant (D:9)
  2 orc warriors (D:9)
  An ice beast (D:7)
  A worker ant (D:9)
  2 orcs (D:9)
7 creatures vanquished.

Vanquished Creatures (others)
  A slave (D:8)
  2 hounds (D:8)
  An orc (D:8)
  2 plants (D:8)
6 creatures vanquished.

Grand Total: 408 creatures vanquished

Notes
Turn   | Place    | Note
--------------------------------------------------------------
     0 | D:1      | inmateoo the Draconian Ice Elementalist began the quest for the Orb.
     0 | D:1      | Reached XP level 1. HP: 14/14 MP: 3/3
   128 | D:2      | Found a shadowy altar of Dithmenos.
   135 | D:3      | Reached XP level 2. HP: 7/20 MP: 0/5
   347 | D:3      | Found a sacrificial altar of Ru.
   609 | D:3      | Reached XP level 3. HP: 20/26 MP: 6/6
   618 | D:3      | Learned a level 2 spell: Throw Frost
   622 | D:3      | Learned a level 3 spell: Ozocubu's Armour
   663 | D:3      | Reached skill level 4 in Ice Magic
   791 | D:4      | Reached XP level 4. HP: 25/33 MP: 4/8
   884 | D:4      | Noticed an ogre
   897 | D:4      | Killed an ogre
   897 | D:4      | Reached skill level 5 in Ice Magic
   897 | D:4      | Reached XP level 5. HP: 8/38 MP: 1/9
  1190 | D:4      | Noticed a scorpion
  1481 | D:4      | Found an iron altar of Okawaru.
  1639 | D:4      | Killed a scorpion
  1639 | D:4      | Reached XP level 6. HP: 45/45 MP: 5/11
  1734 | D:4      | Noticed an ogre
  1745 | D:4      | Killed an ogre
  1745 | D:4      | Reached skill level 6 in Ice Magic
  2046 | D:5      | Entered Level 5 of the Dungeon
  2438 | D:5      | Learned a level 4 spell: Condensation Shield
  2514 | D:5      | Reached skill level 5 in Spellcasting
  2514 | D:5      | Your scales start taking on a rich purple colour.
  2514 | D:5      | Reached XP level 7. HP: 34/50 MP: 4/14
  2715 | D:6      | Reached skill level 7 in Ice Magic
  2899 | D:6      | Found a glowing drain.
  2957 | Sewer    | Entered a sewer
  4082 | D:6      | Reached skill level 8 in Ice Magic
  5218 | D:6      | Reached XP level 8. HP: 41/57 MP: 17/17
  5742 | D:6      | Reached skill level 9 in Ice Magic
  5798 | D:6      | Noticed Edmund
  5826 | D:6      | Killed Edmund
  6063 | D:6      | Reached skill level 10 in Ice Magic
  6248 | D:6      | Reached XP level 9. HP: 55/62 MP: 11/20
  6791 | D:6      | Learned a level 4 spell: Throw Icicle
  6796 | D:6      | Learned a level 4 spell: Summon Ice Beast
  7200 | D:7      | Reached skill level 11 in Ice Magic
  7345 | D:7      | Found a staircase to the Ecumenical Temple.
  7365 | Temple   | Entered the Ecumenical Temple
  7427 | Temple   | Became a worshipper of Vehumet
  7884 | D:7      | Reached skill level 1 in Fighting
  7884 | D:7      | Reached skill level 1 in Maces & Flails
  8660 | D:7      | Reached XP level 10. HP: 55/73 MP: 6/22
  9323 | D:3      | Acquired Vehumet's first power
  9323 | D:3      | Offered knowledge of Shock by Vehumet.
  9326 | D:3      | Noticed an orc wizard
  9337 | D:3      | Killed an orc wizard
  9750 | D:2      | Noticed Terence
  9757 | D:2      | Killed Terence
  9760 | D:2      | Noticed Jessica
  9763 | D:2      | Noticed Natasha
  9765 | D:2      | Killed Jessica
  9768 | D:2      | Killed Natasha
  9819 | D:2      | Noticed Natasha
  9821 | D:2      | Killed Natasha
 10030 | D:2      | Noticed Natasha
 10035 | D:2      | Killed Natasha
 11027 | D:8      | Found a staircase to the Lair.
 11063 | D:8      | Offered knowledge of Magic Dart by Vehumet.
 11141 | D:8      | Noticed Pikel
 11622 | D:8      | Killed Pikel
 12365 | D:9      | Reached skill level 5 in Conjurations
 12481 | D:8      | Offered knowledge of Conjure Flame by Vehumet.
 12935 | D:9      | Acquired Vehumet's second power
 12971 | D:9      | Found a roughly hewn altar of Beogh.
 12971 | D:9      | Found a staircase to the Orcish Mines.
 12980 | D:9      | Reached skill level 12 in Ice Magic
 13297 | D:9      | Offered knowledge of Stone Arrow by Vehumet.
 13325 | D:9      | Noticed a hill giant
 13376 | D:9      | Killed a hill giant
 13376 | D:9      | Reached XP level 11. HP: 43/83 MP: 6/23
 13635 | D:9      | Got a scorched whip
 13637 | D:9      | Identified the +9 whip "Moluthiqi" {slash, Str+2 SInv} (You took it off an orc on level 9 of the Dungeon)
 13670 | D:10     | Entered Level 10 of the Dungeon
 13690 | D:10     | Noticed Fannar
 13690 | D:10     | Noticed a centaur warrior
 13852 | D:10     | Reached skill level 5 in Stealth
 14244 | D:10     | Acquired Vehumet's third power
 14361 | D:10     | Noticed Snorg
 14576 | D:11     | Offered knowledge of Dazzling Spray by Vehumet.
 14706 | D:11     | Noticed a hill giant
 14718 | D:11     | Killed a hill giant
 14856 | D:11     | Noticed Erolcha
 15084 | D:10     | HP: 2/85 [Fannar/bolt of cold (32)]
 16021 | D:10     | Killed Fannar
 16021 | D:10     | Mangled by Snorg

Vault maps used:
D:1:      dpeg_arrival_castle, serial_bayou_pond_c, minmay_misc_feat_doors
D:2:      grunt_dithmenos_smoke, first_bread, uniq_natasha, uniq_terence,
          uniq_jessica
D:3:      nicolae_overflow_hidden_temple, hex_tiny, grunt_ministairs_2
D:4:      okawaru_ov_weapons_minmay
D:5:      moated_statue
D:6:      black_bear_nest_1, portal_sewer_entry_b, centaur_isle, uniq_edmund
D:7:      temple_statues, grunt_livestock, interstate_on_off, st_stairs_13
D:8:      david_lair_shrubbed, nicolae_ossuary_entry_plus, uniq_pikel
D:9:      david_orc_5, minmay_variable_closet, hangedman_decor_clover_reticule
D:10:     uniq_snorg, uniq_fannar
D:11:     giant_chief_lemuel, uniq_erolcha
Temple:   nicolae_temple_elliptical
Sewer:    sewer_minmay_treatment

Action                   |  1- 3 |  4- 6 |  7- 9 | 10-12 || total
-------------------------+-------+-------+-------+-------++-------
Melee: Dagger            |     5 |    78 |   254 |       ||   337
       Flail             |       |       |    97 |   357 ||   454
       Whip              |       |       |       |   203 ||   203
 Fire: Blowgun           |       |       |       |    12 ||    12
 Cast: Freeze            |    36 |    39 |   124 |   148 ||   347
       Ozocubu's Armour  |       |     6 |    27 |    24 ||    57
       Throw Frost       |       |     1 |    36 |     1 ||    38
       Throw Icicle      |       |       |    12 |    22 ||    34
       Summon Ice Beast  |       |       |     2 |    17 ||    19
       Condensation Shie |       |       |     2 |     2 ||     4
 Abil: Breathe Dispellin |       |       |     2 |     3 ||     5
  Use: Scroll            |       |     5 |     8 |     8 ||    21
       Potion            |       |     2 |     7 |     8 ||    17
 Stab: Sleeping          |     1 |       |     4 |    10 ||    15
       Distracted        |       |       |       |     1 ||     1
  Eat: Meat ration       |       |     1 |     2 |       ||     3
       Chunk             |       |     1 |     8 |    21 ||    30
       Fruit             |       |       |     1 |     5 ||     6
       Royal jelly       |       |       |     1 |       ||     1
       Pizza             |       |       |     1 |       ||     1
       Beef jerky        |       |       |       |     2 ||     2
